 Dungeon Sprint DCSS version 0.18.1-47-g9310371 (webtiles) character file.

41516 rftp080 the Devastator (level 13, -7/103 HPs)
             Began as a High Elf Air Elementalist on June 22, 2016.
             Was the Champion of Vehumet.
             Killed from afar by an ice dragon (58 damage)
             ... with a blast of cold
             ... in the Dungeon (Sprint IX: "|||||||||||||||||||||||||||||") on June 23, 2016.
             The game lasted 00:21:29 (2607 turns).

rftp080 the Devastator (High Elf Air Elementalist)  Turns: 2607, Time: 00:21:29

Health: -7/103     AC: 20    Str:  9    XL:     13   Next: 80%
Magic:  20/34      EV: 13    Int: 32    God:    Vehumet [******]
Gold:   940        SH:  0    Dex: 15    Spells: 9 memorised, 9 levels left

rFire  + + .     SeeInvis .     n - staff of energy
rCold  x . .     Gourm    .     L - +1 fire dragon armour
rNeg   . . .     Faith    .     (no shield)
rPois  .         Spirit   .     (no helmet)
rElec  .         Dismiss  .     (no cloak)
rCorr  .         Reflect  .     q - +2 pair of gloves
SustAt .         Harm     .     v - +2 pair of boots "Imoyngoy" {Str+2}
MR     +....     NoTele   +     (no amulet)
Stlth  ..........               s - +3 ring of intelligence
                                r - +3 ring of intelligence

@: very slightly contaminated, somewhat resistant to hostile enchantments,
extremely unstealthy
A: no striking features
a: Renounce Religion


You were in the Dungeon.
You worshipped Vehumet.
Vehumet was exalted by your worship.
You were hungry.

You visited 1 branch You collected 1900 gold pieces.
You spent 960 gold pieces at shops.

Inventory:

Hand Weapons
 j - a +0 club
 o - a +4 quarterstaff of speed
 p - a +2 scimitar of holy wrath
 F - the +8 rapier of Midnight {pierce, rC+}
   (You bought it in a shop in the Dungeon)

   It inflicts extra damage upon your enemies.
   It protects you from cold.
 K - a +2 quarterstaff of protection
Armour
 a - a +0 robe
 q - a +2 pair of gloves (worn)
 v - the +2 pair of boots "Imoyngoy" (worn) {Str+2}
   (You found it in the Dungeon)

   It affects your strength (+2).
 y - a +0 pair of boots
 L - a +1 fire dragon armour (worn)
 M - a +1 large shield
 N - a +2 scale mail of cold resistance
 O - a +2 ring mail of magic resistance
 P - a +1 pair of gloves
 Q - a +3 plate armour of magic resistance
 R - a +6 plate armour of ponderousness
Magical Staves
 n - an uncursed staff of energy (weapon)
Jewellery
 r - a +3 ring of intelligence (left hand)
 s - a +3 ring of intelligence (right hand)
 G - an uncursed ring of protection from magic
 H - an uncursed ring of protection from magic
 I - an uncursed ring of protection from magic
 J - an uncursed ring of protection from cold
Wands
 m - a wand of acid (5/15)
Scrolls
 i - 2 scrolls of blinking
 k - 7 scrolls of remove curse
 l - 3 scrolls of amnesia
 w - 5 scrolls of identify
 x - 2 scrolls of recharging
 z - 2 scrolls of fear
 E - a scroll of enchant weapon
 V - 2 scrolls of enchant armour
Potions
 d - a potion of cancellation {unknown}
 e - a potion of heal wounds
 g - a potion of magic
 h - a potion of berserk rage
 t - a potion of agility
 u - 2 potions of haste
 S - 2 potions of brilliance
 T - a potion of cure mutation
 U - a potion of might
Books
 b - a book of Air

   Spells                             Type                      Level
   a - Shock                          Conjuration/Air              1
   b - Swiftness                      Charms/Air                   2
   c - Repel Missiles                 Charms/Air                   2
   d - Static Discharge               Conjuration/Air              3
   e - Lightning Bolt                 Conjuration/Air              5
Comestibles
 c - 14 bread rations
 A - 40 fruits
 B - 13 meat rations
 C - 4 beef jerkies
 D - a royal jelly


   Skills:
 + Level 15.0 Fighting
 + Level 12.5 Armour
 - Level 12.5 Dodging
 - Level 2.1 Stealth
 + Level 16.4 Spellcasting
 - Level 18.5 Conjurations
 * Level 12.8 Ice Magic
 - Level 10.0 Air Magic
 * Level 13.2 Evocations


You had 9 spell levels left.
You knew the following spells:

 Your Spells              Type           Power        Failure   Level  Hunger
a - Shock                 Conj/Air       ####         1%          1    None
b - Swiftness             Chrm/Air       ######..     1%          2    None
c - Repel Missiles        Chrm/Air       ######       1%          2    None
d - Lightning Bolt        Conj/Air       #######...   1%          5    None
e - Throw Frost           Conj/Ice       ######       1%          2    None
f - Bolt of Draining      Conj/Necr      ######....   2%          5    None
g - Freezing Cloud        Conj/Ice/Air   #######...   2%          6    None
h - Ozocubu's Refrigerat  Ice            #######...   3%          6    None
i - Bolt of Cold          Conj/Ice       #######...   1%          6    None


Dungeon Overview and Level Annotations

Branches:
Dungeon (1/1)

Altars:
Cheibriados
Dithmenos
Elyvilon
Fedhas
Gozag
Kikubaaqudgha
Makhleb
Nemelex Xobeh
Okawaru
Pakellas
Qazlal
Ru
Sif Muna
Trog
Vehumet
Xom
Yredelemnul
Zin
The Shining One
Beogh
Jiyva
Lugonu

Shops:
D %?((


Message History

Blink to where?
Press: ? - help, Dir - move target cursor, p - lich You are very lightly contaminated with residual magic.
As you read the scroll of blinking, it crumbles to dust.
Evoke which item? (* to show all) (? for menu, Esc to quit)
You channel some magical energy.
You feel slightly more hungry.
Evoke which item? (* to show all) (? for menu, Esc to quit)
You channel some magical energy.
You feel slightly more hungry.
Evoke which item? (* to show all) (? for menu, Esc to quit)
You channel some magical energy.
You feel slightly more hungry.
Evoke which item? (* to show all) (? for menu, Esc to quit)
Nothing appears to happen.
Evoke which item? (* to show all) (? for menu, Esc to quit)
You channel some magical energy.
You feel slightly more hungry.
Evoke which item? (* to show all) (? for menu, Esc to quit)
You channel some magical energy.
You feel slightly more hungry. The ice dragon breathes frost at you.
The blast of cold hits you!
You feel a terrible chill!
Ouch! That really hurt!
You die...

▓...................
▓.▓▓▓▓▓▓▓▓▓▓▓▓▓▓▓▓▓▓
▓.........'.....))))
▓▓▓▓▓▓▓▓▓▓▓▓▓▓▓▓▓▓▓▓
▓...................
▓.▓▓▓▓▓▓▓▓▓▓▓▓▓▓▓▓▓▓
▓...........(..(')([
▓▓▓▓▓▓▓▓▓▓▓▓▓▓▓▓▓▓▓▓
▓.D@................
▓.▓▓▓▓▓▓▓▓▓▓▓▓▓▓▓▓▓▓
▓.......D.......(())
▓▓▓▓▓▓▓▓▓▓▓▓▓▓▓▓▓▓▓▓
*,,,,,,,,,,,,,,,,,,,
*,******************
*,,,,,,,,,,,,+,,,,,,
********************
*,,,,,,,,,,,,,,,,,,,


You could see an ice dragon.

Vanquished Creatures
  Rupert (D)
  Kirke (D)
  Wiglaf (D)
  Maud (D)
  A spark wasp (D)
  2 ettins (D)
  A fire dragon (D)
  Josephine (D)
  A yaktaur captain (D)
  2 naga warriors (D)
  An ogre mage (D)
  A rakshasa (D)
  Erolcha (D)
  A centaur warrior (D)
  An alligator snapping turtle (D)
  A hydra (D)
  An alligator (D)
  2 deep troll shamans (D)
  A deep troll earth mage (D)
  2 tengu warriors (D)
  3 naga sharpshooters (D)
  A spriggan berserker (D)
  An orc high priest (D)
  A spriggan druid (D)
  A sea snake (D)
  A wizard (D)
  A harpy (D)
  2 wolf spiders (D)
  An orc knight (D)
  2 orb spiders (D)
  2 griffons (D)
  A manticore (D)
  5 orc sorcerers (D)
  An ugly thing (D)
  A siren (D)
  A black mamba (D)
  2 naga magi (D)
  A gargoyle (D)
  4 spiny frogs (D)
  3 komodo dragons (D)
  2 yaktaurs (D)
  2 jumping spiders (D)
  A bog body (D)
  A two-headed ogre (D)
  A boulder beetle (D)
  2 snapping turtles (D)
  A redback (D)
  A shadow (D)
  2 tarantellas (D)
  A steam dragon (D)
  3 wraiths (D)
  4 hogs (D)
  A hippogriff (D)
  A naga (D)
  A hell hound (D)
  2 water moccasins (D)
  A swamp drake (D)
  12 orc warriors (D)
  4 porcupines (D)
  An ice beast (D)
  A sky beast (D)
  A wasp (D)
  2 crocodiles (D)
  8 wolves (D)
  5 giant frogs (D)
  A killer bee (D)
  3 crimson imps (D)
  A hound (D)
  3 orc priests (D)
  An iguana (D)
  10 orc wizards (D)
  A worker ant (D)
  An adder (D)
  A river rat (D)
  A shadow imp (D)
  An adder skeleton (D)
  A giant gecko (D)
  7 orcs (D)
  A hobgoblin (D)
  A jackal (D)
  2 goblins (D)
  A quokka zombie (D)
  A rat (D)
158 creatures vanquished.

Vanquished Creatures (others)
  A spiny frog (D)
1 creature vanquished.

Grand Total: 159 creatures vanquished

Notes
Turn   | Place    | Note
--------------------------------------------------------------
     0 | D        | rftp080 the High Elf Air Elementalist began the quest for the Orb.
     0 | D        | Reached XP level 1. HP: 11/11 MP: 4/4
     4 | D        | Reached skill level 2 in Conjurations
     5 | D        | Reached skill level 1 in Fighting
    70 | D        | Noticed a hound
    73 | D        | Reached XP level 2. HP: 18/18 MP: 3/6
    76 | D        | Reached skill level 3 in Conjurations
    76 | D        | Reached skill level 4 in Conjurations
    76 | D        | Reached skill level 5 in Air Magic
    76 | D        | Reached XP level 3. HP: 17/25 MP: 0/9
    87 | D        | Found a glowing silver altar of Zin.
    87 | D        | Found a glowing golden altar of the Shining One.
    87 | D        | Found an ancient bone altar of Kikubaaqudgha.
    87 | D        | Found a basalt altar of Yredelemnul.
    87 | D        | Found a shimmering altar of Xom.
    87 | D        | Found a radiant altar of Vehumet.
    88 | D        | Found an iron altar of Okawaru.
    89 | D        | Found a burning altar of Makhleb.
    90 | D        | Found a deep blue altar of Sif Muna.
    91 | D        | Found a bloodstained altar of Trog.
    92 | D        | Found a sparkling altar of Nemelex Xobeh.
    93 | D        | Found a white marble altar of Elyvilon.
    94 | D        | Found a roughly hewn altar of Beogh.
    95 | D        | Became a worshipper of Vehumet
    96 | D        | Found a viscous altar of Jiyva.
    97 | D        | Found a corrupted altar of Lugonu.
    98 | D        | Found a blossoming altar of Fedhas.
    99 | D        | Found a snail-covered altar of Cheibriados.
   100 | D        | Found a shadowy altar of Dithmenos.
   101 | D        | Found a stormy altar of Qazlal.
   102 | D        | Found an opulent altar of Gozag.
   103 | D        | Found a sacrificial altar of Ru.
   104 | D        | Found an oddly glowing altar of Pakellas.
   203 | D        | Learned a level 2 spell: Swiftness
   206 | D        | Learned a level 2 spell: Repel Missiles
   257 | D        | Noticed a giant frog
   257 | D        | Noticed a killer bee
   257 | D        | Noticed a steam dragon
   257 | D        | Noticed a giant frog
   257 | D        | Noticed an ice beast
   265 | D        | Killed a giant frog
   265 | D        | Reached skill level 6 in Conjurations
   265 | D        | Reached XP level 4. HP: 31/31 MP: 2/11
   265 | D        | Killed a giant frog
   265 | D        | Reached * piety under Vehumet
   265 | D        | Offered knowledge of Sting by Vehumet.
   265 | D        | Reached skill level 5 in Dodging
   265 | D        | Reached skill level 5 in Spellcasting
   265 | D        | Reached skill level 7 in Conjurations
   265 | D        | Reached XP level 5. HP: 37/37 MP: 2/13
   265 | D        | Killed an ice beast
   265 | D        | Reached skill level 8 in Conjurations
   265 | D        | Reached XP level 6. HP: 45/45 MP: 2/16
   266 | D        | Killed a steam dragon
   266 | D        | Reached skill level 5 in Fighting
   266 | D        | Reached skill level 9 in Conjurations
   270 | D        | Reached ** piety under Vehumet
   302 | D        | Learned a level 5 spell: Lightning Bolt
   373 | D        | Noticed a komodo dragon
   373 | D        | Noticed a two-headed ogre
   373 | D        | Noticed a centaur warrior
   373 | D        | Noticed a hippogriff
   375 | D        | Killed a two-headed ogre
   375 | D        | Reached skill level 10 in Conjurations
   375 | D        | Reached XP level 7. HP: 53/53 MP: 6/19
   378 | D        | Killed a centaur warrior
   378 | D        | Reached *** piety under Vehumet
   378 | D        | Reached skill level 11 in Conjurations
   378 | D        | Reached XP level 8. HP: 53/60 MP: 19/21
   378 | D        | Reached skill level 10 in Air Magic
   380 | D        | Killed a komodo dragon
   380 | D        | Reached skill level 1 in Armour
   380 | D        | Reached skill level 12 in Conjurations
   481 | D        | Got the +2 pair of boots "Imoyngoy" {Str+2}
   507 | D        | Offered knowledge of Searing Ray by Vehumet.
   507 | D        | Reached **** piety under Vehumet
   508 | D        | Noticed a komodo dragon
   508 | D        | Reached XP level 9. HP: 67/67 MP: 19/23
   510 | D        | Noticed a komodo dragon
   511 | D        | Reached ***** piety under Vehumet
   511 | D        | Killed a komodo dragon
   511 | D        | Reached skill level 13 in Conjurations
   512 | D        | Killed a komodo dragon
   512 | D        | Reached skill level 10 in Dodging
   512 | D        | Reached skill level 10 in Spellcasting
   607 | D        | Noticed a spiny frog
   607 | D        | Noticed a spiny frog
   609 | D        | Killed a spiny frog
   610 | D        | Reached skill level 14 in Conjurations
   610 | D        | Killed a spiny frog
   611 | D        | Reached ****** piety under Vehumet
   740 | D        | Offered knowledge of Throw Frost by Vehumet.
   740 | D        | Reached skill level 5 in Armour
   740 | D        | Reached XP level 10. HP: 74/74 MP: 20/25
   744 | D        | Reached skill level 1 in Evocations
   748 | D        | Learned a level 2 spell: Throw Frost
   819 | D        | Offered knowledge of Inner Flame by Vehumet.
   820 | D        | Noticed Josephine
   823 | D        | Reached skill level 10 in Fighting
   824 | D        | Reached skill level 15 in Conjurations
   825 | D        | Killed Josephine
   938 | D        | Noticed an orc high priest
   939 | D        | Killed an orc high priest
   952 | D        | Offered knowledge of Bolt of Draining by Vehumet.
   959 | D        | Learned a level 5 spell: Bolt of Draining
  1034 | D        | Noticed an orc sorcerer
  1035 | D        | Offered knowledge of Delayed Fireball by Vehumet.
  1036 | D        | Killed an orc sorcerer
  1036 | D        | Reached skill level 16 in Conjurations
  1038 | D        | Noticed an orc knight
  1042 | D        | Reached XP level 11. HP: 80/82 MP: 19/27
  1046 | D        | Killed an orc knight
  1046 | D        | Reached skill level 5 in Evocations
  1100 | D        | Found Feti's Food Emporium.
  1100 | D        | Noticed an orc sorcerer
  1100 | D        | Noticed an orc sorcerer
  1101 | D        | Killed an orc sorcerer
  1104 | D        | Killed an orc sorcerer
  1106 | D        | Found Quohyrr's Magic Scroll Shoppe.
  1110 | D        | Found Ceecowko's Weapon Emporium.
  1112 | D        | Noticed an orc sorcerer
  1126 | D        | Noticed an orc sorcerer
  1127 | D        | Killed an orc sorcerer
  1161 | D        | Killed an orc sorcerer
  1162 | D        | Found Ycunneat's Antique Weapon Shoppe.
  1206 | D        | Bought a scroll of blinking for 97 gold pieces
  1208 | D        | Bought a beef jerky for 15 gold pieces
  1208 | D        | Bought a meat ration for 50 gold pieces
  1208 | D        | Bought a royal jelly for 20 gold pieces
  1208 | D        | Bought a beef jerky for 15 gold pieces
  1208 | D        | Bought a beef jerky for 15 gold pieces
  1208 | D        | Bought a beef jerky for 15 gold pieces
  1208 | D        | Bought a bread ration for 50 gold pieces
  1210 | D        | Bought a scroll of identify for 26 gold pieces
  1210 | D        | Bought a scroll of identify for 26 gold pieces
  1210 | D        | Bought a scroll of recharging for 123 gold pieces
  1210 | D        | Bought a scroll of identify for 26 gold pieces
  1210 | D        | Bought a scroll of identify for 26 gold pieces
  1210 | D        | Bought a scroll of enchant weapon for 97 gold pieces
  1210 | D        | Bought a scroll of identify for 26 gold pieces
  1210 | D        | Bought a scroll of amnesia for 45 gold pieces
  1210 | D        | Bought a scroll of magic mapping for 45 gold pieces
  1215 | D        | Bought an encrusted rapier for 243 gold pieces
  1215 | D        | Identified the +8 rapier of Midnight {pierce, rC+} (You bought it in a shop in the Dungeon)
  1282 | D        | Noticed Erolcha
  1287 | D        | Killed Erolcha
  1457 | D        | Noticed a tengu warrior
  1459 | D        | Offered knowledge of Freezing Cloud by Vehumet.
  1459 | D        | Reached skill level 17 in Conjurations
  1461 | D        | Noticed a spark wasp
  1462 | D        | Killed a tengu warrior
  1465 | D        | Noticed an ettin
  1468 | D        | Noticed a deep troll earth mage
  1474 | D        | Killed a spark wasp
  1480 | D        | Killed an ettin
  1483 | D        | Killed a deep troll earth mage
  1509 | D        | Noticed an ogre mage
  1510 | D        | Noticed a tengu warrior
  1511 | D        | Noticed a rakshasa
  1513 | D        | Killed an ogre mage
  1513 | D        | Reached skill level 18 in Conjurations
  1514 | D        | Killed a tengu warrior
  1514 | D        | Reached XP level 12. HP: 51/91 MP: 8/30
  1514 | D        | Killed a rakshasa
  1516 | D        | Noticed a fire dragon
  1523 | D        | Killed a fire dragon
  1567 | D        | Learned a level 6 spell: Freezing Cloud
  1585 | D        | Reached skill level 1 in Ice Magic
  1587 | D        | Noticed Kirke
  1590 | D        | Offered knowledge of Ozocubu's Refrigeration by Vehumet.
  1608 | D        | Killed Kirke
  1608 | D        | Reached skill level 10 in Armour
  1703 | D        | Noticed a naga warrior
  1704 | D        | Reached skill level 5 in Ice Magic
  1707 | D        | Noticed a naga warrior
  1710 | D        | Killed a naga warrior
  1712 | D        | Killed a naga warrior
  1795 | D        | Learned a level 6 spell: Ozocubu's Refrigeration
  1886 | D        | Offered knowledge of Poisonous Cloud by Vehumet.
  1891 | D        | Reached skill level 15 in Spellcasting
  2100 | D        | Noticed an alligator snapping turtle
  2103 | D        | Offered knowledge of Spellforged Servitor by Vehumet.
  2103 | D        | Reached XP level 13. HP: 92/100 MP: 22/33
  2104 | D        | Reached skill level 10 in Evocations
  2107 | D        | Reached skill level 10 in Ice Magic
  2444 | D        | Noticed Wiglaf
  2449 | D        | Killed Wiglaf
  2472 | D        | Noticed Rupert
  2475 | D        | Killed Rupert
  2481 | D        | Noticed Maud
  2485 | D        | Killed Maud
  2485 | D        | Offered knowledge of Bolt of Cold by Vehumet.
  2498 | D        | Learned a level 6 spell: Bolt of Cold
  2568 | D        | Noticed an ettin
  2571 | D        | Killed an ettin
  2573 | D        | Noticed a sphinx
  2574 | D        | Noticed a lich
  2581 | D        | Reached skill level 15 in Fighting
  2607 | D        | Killed from afar by an ice dragon

Skill      XL: |  1  2  3  4  5  6  7  8  9 10 11 12 13 |
---------------+----------------------------------------+-----
Conjurations   | 2 4 6 7 8 10 11 12 14 16 18 | 18.5
Fighting       | 1 2 3 4 6 7 8 9 10 12 13 15 | 15.0
Air Magic      | 4 5 6 7 8 9 10 | 10.0
Dodging        | 3 4 5 7 8 9 10 11 12 | 12.5
Spellcasting   | 3 4 5 6 7 8 9 10 11 13 15 16 | 16.4
Armour         | 2 5 7 9 11 12 | 12.5
Evocations     | 4 8 9 13 | 13.2
Ice Magic      | 9 12 | 12.8
Stealth        | |  2.1

Action                   |  1- 3 |  4- 6 |  7- 9 | 10-12 | 13-15 || total
-------------------------+-------+-------+-------+-------+-------++-------
Melee: Unarmed           |     1 |       |       |       |       ||     1
       Staff             |       |     2 |       |       |       ||     2
       Rapier            |       |       |       |     8 |       ||     8
 Cast: Shock             |    17 |     4 |       |     1 |       ||    22
       Repel Missiles    |     1 |       |       |       |       ||     1
       Lightning Bolt    |       |     1 |    17 |    89 |    26 ||   133
       Bolt of Draining  |       |       |       |    19 |     1 ||    20
       Bolt of Cold      |       |       |       |       |    11 ||    11
       Freezing Cloud    |       |       |       |       |     2 ||     2
Evoke: Staff of energy   |       |       |       |   126 |    45 ||   171
       Wand              |       |       |       |     2 |       ||     2
  Use: Potion            |     3 |       |     1 |    10 |     2 ||    16
       Scroll            |       |       |     2 |     3 |     1 ||     6
  Eat: Chunk             |       |       |       |    10 |     3 ||    13
Armor: Robe              |     1 |       |     2 |    14 |       ||    17
       Fire dragon armou |       |       |       |    21 |     9 ||    30
Dodge: Dodged            |     4 |     3 |     8 |    61 |    14 ||    90
       Deflected         |       |       |       |     8 |       ||     8
